 Dungeon Crawl Stone Soup version 0.25-b1-37-g2669288c55 (webtiles) character file.

Game seed: 783563083898973859

80 nightchill the Skirmisher (level 4, 0/40 HPs)
             Began as a Ghoul Fighter on June 4, 2020.
             Slain by Sigmund
             ... wielding a +3 vorpal scythe
              (1 damage)
             ... on level 3 of the Dungeon.
             The game lasted 00:03:59 (1947 turns).

nightchill the Skirmisher (Ghoul Fighter)           Turns: 1947, Time: 00:04:00

Health: 0/40       AC:  7    Str: 19    XL:     4   Next: 39%
Magic:  3/3        EV:  7    Int:  4    God:
Gold:   63         SH:  8    Dex:  8    Spells: 3/3 levels left

rFire    . . .     SeeInvis .   a - +0 war axe
rCold    + . .     Gourm    .   c - +0 kite shield
rNeg     + + +     Faith    .   b - +0 scale mail
rPois    ∞         Spirit   .   (no helmet)
rElec    .         Reflect  .   p - +0 cloak
rCorr    .         Harm     .   (no gloves)
MR       .....                  (no boots)
Stlth    ..........             (no amulet)
HPRegen  0.00/turn              (no ring)
MPRegen  0.08/turn              (no ring)

@: mighty, rotting
A: rotting body, claws 1, carnivore, cold resistance 1, negative energy
resistance 3, inhibited regeneration, torment resistance, unbreathing
a: no special abilities


You were on level 3 of the Dungeon.
You were not hungry.

You visited 1 branch of the dungeon, and saw 3 of its levels.

You collected 63 gold pieces.

Inventory:

Hand Weapons
 a - a +0 war axe (weapon)
 n - a +0 mace
 o - a cursed +0 hunting sling
Missiles
 e - 72 stones (quivered)
Armour
 b - a +0 scale mail (worn)
 c - a +0 kite shield (worn)
 p - a +0 cloak (worn)
Scrolls
 h - 2 scrolls of amnesia {unknown}
 k - 3 scrolls of teleportation {unknown}
 l - a scroll of identify {unknown}
Potions
 i - a potion of haste {unknown}
 j - 2 potions of curing {unknown}
 m - a potion of lignification {unknown}
Comestibles
 f - 5 rations
 g - 4 chunks of flesh


   Skills:
 + Level 4.1 Fighting
 * Level 3.5 Axes
 - Level 2.6 Armour
 - Level 2.6 Shields


You had 3 spell levels left.
You didn't know any spells.
Your spell library was empty.

Dungeon Overview and Level Annotations

Branches:
Dungeon (3/15)

Altars:

Annotations:
D:3 Sigmund


Innate Abilities, Weirdness & Mutations

Your body is rotting away.
You thrive on raw meat.
You are immune to poison.
You have sharp fingernails.
You are carnivorous and can eat meat at any time.
Your flesh is cold resistant. (rC+)
You are immune to negative energy. (rN+++)
You do not regenerate when monsters are visible.
You are immune to unholy pain and torment.
You can survive without breathing.


Message History

Sigmund barely misses you.
You miss Sigmund.
Sigmund is severely wounded.
Sigmund hits you with a +3 vorpal scythe!
* * * LOW HITPOINT WARNING * * *
* * * LOW HITPOINT WARNING * * *
You're too confused to move!
Sigmund hits you but does no damage.
You miss Sigmund.
Sigmund is severely wounded.
Sigmund mumbles some strange words.
Sigmund flickers and vanishes!
Deactivating autopickup; reactivate with Ctrl-A.
You bump into the stone wall.
Something hits you.
* * * LOW HITPOINT WARNING * * *
* * * LOW HITPOINT WARNING * * *
You barely miss something.
You feel less confused. Something hits you.
* * * LOW HITPOINT WARNING * * *
You die...

## #. ### #.#### ...
#.#.. ####.####.#{#
####.......#.#@#
.#.#.#.#.#.#.#.#.......
.#.#.#.#.#.#.#.#.#.#.###
#.#.#.#.#.#.#.#.#..#
.#.#.#.#.#.#.#.#.#.#
#.#.#.#.#.#.#.#.#..#
.#.#.#.#.#.#.#.#.#.#
#.#.#.#.#.#.#.#.#....
#.#.#.#.#.#.#.#.#####


There were no monsters in sight!

Vanquished Creatures
  2 adders (D:2)
  2 worms
  2 dart slugs
  A leopard gecko (D:3)
  2 ball pythons (D:1)
  4 bats
  4 giant cockroaches
  6 hobgoblins
  7 jackals (D:1)
  4 kobolds
  A quokka (D:2)
  6 goblins
  3 rats
44 creatures vanquished.

Notes
Turn   | Place    | Note
-------+----------+-------------------------------------------
     0 | D:1      | nightchill the Ghoul Fighter began the quest for the Orb.
     0 | D:1      | Reached XP level 1. HP: 19/19 MP: 0/0
   157 | D:1      | Reached XP level 2. HP: 26/26 MP: 1/1
   380 | D:1      | Reached XP level 3. HP: 30/33 MP: 2/2
  1099 | D:2      | Reached skill level 4 in Fighting
  1099 | D:2      | Reached XP level 4. HP: 31/40 MP: 3/3
  1937 | D:3      | Noticed Sigmund
  1947 | D:3      | HP: 1/40 [something (2)]
  1947 | D:3      | Slain by Sigmund

Illustrated notes

Levels and vault maps discovered:
D:1:      mushboom_english_gardens, layout_loops_ring
D:2:      layout_loops_corners, first_ration, hangedman_decor_peaks_small
D:3:      layout_basic, uniq_sigmund

Skill      XL: |  1  2  3 |
---------------+----------+-----
Axes           | 2 3 |  3.5
Fighting       | 4 |  4.1
Armour         | |  2.6
Shields        | |  2.6

Action                   |  1- 3 |  4- 6 || total
-------------------------+-------+-------++-------
Melee: War axe           |   111 |    51 ||   162
  Use: Potion            |       |     1 ||     1
  Eat: Chunk             |     4 |     6 ||    10
Armor: Scale mail        |    57 |    13 ||    70
Dodge: Dodged            |    38 |    14 ||    52
Block: Kite shield       |    64 |    26 ||    90
